 Dungeon Crawl Stone Soup version 0.31.0-2-g5a2aebc5c2 (webtiles) character file.

Game seed: 17937824622577887696

1782 BeingJoeMalik the Destroyer (level 8, -3/59 (62) HPs)
             Began as a Green Draconian Conjurer on Jan 20, 2024.
             Was an Initiate of Gozag.
             Incinerated by a bombardier beetle (4 damage)
             ... with a burning spray
             ... on level 7 of the Dungeon.
             The game lasted 00:24:06 (8199 turns).

BeingJoeMalik the Destroyer (DrCj)                  Turns: 8199, Time: 00:24:07

HP:   -3/59 (62)    AC: 10    Str: 15    XL:     8   Next: 81%
MP:   3/13          EV: 12    Int: 20    God:    Gozag
Gold: 1048          SH:  0    Dex: 11    Spells: 8/14 levels left

rFire   . . .        e - staff of air
rCold   . . .        i - orb {light}
rNeg    . . .        (body armour unavailable)
rPois   +            (helmet restricted)
rElec   +            t - +0 cloak
rCorr   +            (no gloves)
SInv    .            n - +2 pair of boots
Will    .....        (no amulet)
Stlth   +            l - +6 ring of strength
HPRegen 0.29/turn    x - ring of resist corrosion
MPRegen 0.13/turn

%: no passive effects
@: on fire, gold aura, glowing, lightly drained
A: breathe noxious fumes, AC +6, unfitting armour, poison resistance,
cold-blooded
a: Breathe Noxious Fumes, Renounce Religion, Potion Petition, Call Merchant,
Bribe Branch


You were on level 7 of the Dungeon.
You worshipped Gozag.
Gozag was most pleased with you.
You visited 2 branches of the dungeon, and saw 8 of its levels.
You also visited: Ossuary.

You collected 1048 gold pieces.

Inventory:

Armour
 i - an orb of light (worn)
 n - a +2 pair of boots (worn)
 t - a +0 cloak (worn)
Magical Staves
 e - a staff of air (weapon)
Jewellery
 l - a +6 ring of strength (left hand)
 x - a ring of resist corrosion (right hand)
Talismans
 y - a maw talisman
Wands
 o - a wand of roots (11)
Scrolls
 b - a scroll of summoning
 g - a scroll of poison
 p - 2 scrolls of teleportation
 s - a scroll of revelation
Potions
 a - 2 potions of lignification {unknown}
 c - 3 potions of attraction
 d - a potion of degeneration {unknown}
 f - 2 potions of heal wounds {unknown}
 k - 2 potions of brilliance
 m - a potion of enlightenment {unknown}
 q - 4 potions of might
 r - a potion of cancellation {unknown}
 u - 2 potions of resistance {unknown}
 v - a potion of haste {unknown}


   Skills:
 * Level 2.6 Fighting
 - Level 2.0 Dodging
 - Level 1.8 Stealth
 + Level 3.9 Spellcasting
 + Level 10.8 Conjurations
 * Level 2.3 Summonings


You had 8 spell levels left.
You knew the following spells:

 Your Spells              Type           Power      Damage    Failure   Level
a - Magic Dart            Conj           100%       1d8       1%          1
b - Searing Ray           Conj           94%        2d7       1%          2
c - Summon Ice Beast      Ice/Summ       8%         N/A       24%         3

Your spell library contained the following spells:

 Spells                   Type           Power      Damage    Failure   Level
 Mephitic Cloud           Conj/Alch/Air  27%        N/A       9%          3
 Fulminant Prism          Conj/Alch      12%        3d8       14%         4
 Iskenderun's Mystic Bla  Conj/Tloc      25%        2d7       14%         4
 Ensorcelled Hibernation  Hex/Ice        6%         N/A       21%         2
 Mercury Vapours          Alch/Air       10%        N/A       21%         2
 Passwall                 Erth           3%         N/A       36%         3
 Swiftness                Air            5%         N/A       36%         3
 Freezing Cloud           Conj/Ice/Air   13%        6-21      63%         5
 Summon Mana Viper        Hex/Summ       8%         N/A       92%         5
 Monstrous Menagerie      Summ           6%         N/A       100%        7


Dungeon Overview and Level Annotations

Branches:
Dungeon (7/15)             Temple (1/1) D:5         Ossuary (visited)

Altars:
Ashenzari
Cheibriados
Dithmenos
Elyvilon
Fedhas
Gozag
Kikubaaqudgha
Makhleb
Nemelex Xobeh
Okawaru
Qazlal
Sif Muna
Vehumet
Xom
Yredelemnul
Zin
The Shining One

Annotations:
D:6 Jeremiah


Innate Abilities, Weirdness & Mutations

You can breathe blasts of noxious fumes.
Your lurid green scales are hard. (AC +6)
You cannot fit into any form of body armour.
Your system is resistant to poisons. (rPois)
You are cold-blooded and may be slowed by cold attacks.


Message History

The liquid fire burns you!
* * * LOW HITPOINT WARNING * * *
The bombardier beetle bites you but does no damage.
You feel better. The liquid fire burns you!
* * * LOW HITPOINT WARNING * * *
Unknown command.
You feel better. The liquid fire burns you!
* * * LOW HITPOINT WARNING * * *
The bombardier beetle barely misses you.
Unknown command.
Casting: Magic Dart (safe; 1% risk of failure)
Confirm with . or Enter, or press ? or * to list all spells.
Aiming: Searing Ray (safe; 1% risk of failure)
Press: ? - help, Shift-Dir - straight line, f/p - bombardier beetle
Aim: a bombardier beetle (lightly wounded, haloed, 91% to hit)
The searing ray misses the bombardier beetle. (Press . to maintain the ray.)
The liquid fire burns you!
* * * LOW HITPOINT WARNING * * *
The bombardier beetle misses you.
Your magical contamination has completely faded away.
The searing ray hits the bombardier beetle.
The bombardier beetle is lightly wounded.
The liquid fire burns you!
* * * LOW HITPOINT WARNING * * *
Unknown command.
The searing ray hits the bombardier beetle.
The bombardier beetle is heavily wounded.
The liquid fire burns you!
* * * LOW HITPOINT WARNING * * *
The bombardier beetle misses you.
Unknown command.
The searing ray hits the bombardier beetle.
The bombardier beetle is severely wounded.
You finish channelling your searing ray.
The liquid fire burns you!
You die...
Your body crumbles into a pile of gold.

........#
.............#
##.............#
..............# .
#.............#
..##.............#
..$...........B.#
#.$.........$@#
###.$......$.$.<#
#....!.........$#
...#.#.##().....##
#...#.......##
....##...#####
###.# #..## #.
#..# #$ #..#


You could see a bombardier beetle.

Vanquished Creatures
  Menkaure (Ossuary)
  A water moccasin (D:6)
  3 black bears (D:5)
  A centaur (D:7)
  A kobold brigand (D:7)
  2 phantoms (D:4)
  A scorpion (D:5)
  An elf skeleton (D:5)
  6 wights
  A howler monkey (D:7)
  A bombardier beetle (D:4)
  A jelly (D:6)
  3 hounds
  2 sleepcaps
  2 human skeletons (D:5)
  3 mummies (Ossuary)
  Robin (D:3)
  A gnoll (D:1)
  7 adders
  A white imp (D:6)
  2 ufetubi (D:6)
  2 dart slugs (D:1)
  3 orcs
  5 ball pythons
  4 bats
  4 endoplasms
  5 giant cockroaches
  15 goblins
  9 hobgoblins
  9 quokkas
  3 frilled lizards
  2 gnoll skeletons (Ossuary)
  4 gnoll zombies (Ossuary)
  3 goblin skeletons (Ossuary)
  6 goblin zombies (Ossuary)
  3 hobgoblin skeletons (Ossuary)
  3 hobgoblin zombies (Ossuary)
  6 kobolds
  10 kobold skeletons (Ossuary)
  5 kobold zombies (Ossuary)
  4 orc skeletons
  3 orc zombies
  5 rats
  5 rat skeletons (Ossuary)
  5 rat zombies (Ossuary)
  A spectral kobold (D:1)
166 creatures vanquished.

Notes
Turn   | Place    | Note
-------+----------+-------------------------------------------
     0 | D:1      | BeingJoeMalik the Draconian Conjurer began the quest for
                  | the Orb.
     0 | D:1      | Reached XP level 1. HP: 14/14 MP: 3/3
   211 | D:1      | Reached XP level 2. HP: 19/20 MP: 0/5
   692 | D:1      | Reached XP level 3. HP: 26/26 MP: 3/6
   814 | D:1      | Learned a level 2 spell: Searing Ray
   946 | D:1      | Reached skill level 5 in Conjurations
  1450 | D:1      | Found a faded altar of an unknown god.
  1458 | D:1      | Prayed at the altar of an unknown god.
  1458 | D:1      | Became a worshipper of Gozag Ym Sagoz the Greedy
  2150 | D:2      | Reached XP level 4. HP: 31/33 MP: 0/7
  2993 | D:3      | Noticed Robin
  3006 | D:3      | Killed Robin
  3157 | D:3      | Found a shimmering blue altar of Sif Muna.
  3227 | D:3      | Reached skill level 6 in Conjurations
  3457 | D:3      | Found a radiant altar of Vehumet.
  3712 | D:3      | Found an opulent altar of Gozag.
  4024 | D:4      | Reached XP level 5. HP: 38/38 MP: 0/8
  4185 | D:4      | Noticed a phantom
  4193 | D:4      | Killed a phantom
  4194 | D:4      | Reached skill level 7 in Conjurations
  4282 | D:4      | Noticed a phantom
  4286 | D:4      | Killed a phantom
  4287 | D:4      | Reached XP level 6. HP: 42/45 MP: 3/9
  4526 | D:4      | Found a white marble altar of Elyvilon.
  4881 | D:5      | Entered Level 5 of the Dungeon
  5026 | D:5      | Reached skill level 8 in Conjurations
  5113 | D:5      | Your scales start taking on a lurid green colour.
  5113 | D:5      | Reached XP level 7. HP: 48/50 MP: 1/10
  5113 | D:5      | Gained mutation: Your system is resistant to poisons.
                  | (rPois) [Green Draconian growth]
  5173 | D:5      | Found a sand-covered staircase.
  5210 | Ossuary  | Entered an ossuary
  6193 | Ossuary  | Noticed Menkaure
  6207 | Ossuary  | Killed Menkaure
  6208 | Ossuary  | Reached skill level 9 in Conjurations
  6871 | D:5      | Learned a level 3 spell: Summon Ice Beast
  6959 | D:5      | Reached XP level 8. HP: 58/58 MP: 6/11
  7071 | D:5      | Found a staircase to the Ecumenical Temple.
  7087 | D:5      | Reached skill level 1 in Fighting
  7087 | D:5      | Reached skill level 10 in Conjurations
  7087 | D:5      | Reached skill level 1 in Summonings
  7372 | Temple   | Entered the Ecumenical Temple
  7949 | D:6      | Noticed Jeremiah
  8198 | D:7      | HP: 1/59 [burnt (4)]
  8199 | D:7      | Incinerated by a bombardier beetle

Illustrated notes

Levels and vault maps discovered:
D:1:      saegor_arrival_simple_b, layout_loops_ring,
          dreamdust_ecumenical_altar_drowned_temple
D:2:      layout_basic, serial_bayou_pond_b, minivault_23
D:3:      layout_loops_cross, hellmonk_sif_muna_bookshelves,
          lemuel_coloured_pillars_altar, grunt_gozag_breadcrumbs,
          kennysheep_path_1, corexii_item_surrounded_by_moat, uniq_robin
D:4:      layout_loops_ring, kennysheep_little_box
D:5:      layout_rooms, minmay_temple_entry_overgrown,
          nicolae_ossuary_entry_catacombs
D:6:      layout_layer_cave, chequers_serial_rivers_marsh, uniq_jeremiah
D:7:      layout_rooms, minitemple, uniq_menkaure
Temple:   compressed_dpeg_triangle_lava_temple

Skill      XL: |  1  2  3  4  5  6  7  8 |
---------------+-------------------------+-----
Dodging        | 2 |  2.0
Conjurations   | 5 6 7 8 9 10 | 10.8
Fighting       | 2 |  2.6
Summonings     | 2 |  2.3
Spellcasting   | 3 |  3.9
Stealth        | |  1.8

Action                     |  1- 3 |  4- 6 |  7- 9 || total
---------------------------+-------+-------+-------++-------
  Melee: Unarmed           |     5 |       |       ||     5
         Staff             |       |     7 |     4 ||    11
         Tailslap          |       |     2 |     3 ||     5
   Cast: Magic Dart        |    87 |    72 |   168 ||   327
         Searing Ray       |     1 |     8 |    29 ||    38
Ability: Breathe Noxious F |       |       |     2 ||     2
    Use: Scroll            |       |     8 |     3 ||    11
         Potion            |       |       |     5 ||     5
 Armour: Skin              |     6 |    37 |    30 ||    73
  Dodge: Dodged            |    14 |    24 |    29 ||    67
